 Dungeon Crawl Stone Soup version 0.22-a0-135-g6f012ad (webtiles) character file.

40 KristoblXynda the Insei (level 3, -1/23 HPs)
             Began as an Octopode Transmuter on Jan 31, 2018.
             Slain by an adder (5 damage)
             ... on level 2 of the Dungeon.
             The game lasted 00:02:22 (1067 turns).

KristoblXynda the Insei (Octopode Transmuter)       Turns: 1067, Time: 00:02:23

Health: -1/23      AC:  1    Str: 10    XL:     3   Next: 50%
Magic:  6/6        EV: 13    Int: 15    God:
Gold:   33         SH:  0    Dex: 12    Spells: 2/6 levels left

rFire    . . .     SeeInvis .     - Unarmed
rCold    . . .     Gourm    .   (no shield)
rNeg     . . .     Faith    .   (helmet restricted)
rPois    .         Spirit   .   (no amulet)
rElec    .         Reflect  .   (no ring)
rCorr    .         Harm     .   (no ring)
MR       .....                  (no ring)
Stlth    +++.......             (no ring)
HPRegen  0.07/turn              (no ring)
MPRegen  0.10/turn              (no ring)
                                (no ring)
                                (no ring)

@: no status effects
A: almost no armour, stealthy swim, amphibious, 8 rings, constrict 8, camouflage
1, gelatinous body 1
a: no special abilities


You were on level 2 of the Dungeon.
You were hungry.

You visited 1 branch of the dungeon, and saw 2 of its levels.

You collected 33 gold pieces.

Inventory:

Missiles
 a - 12 arrows
Scrolls
 d - a scroll of teleportation
Potions
 e - a potion of agility {unknown}
 f - a potion of brilliance {unknown}
 h - a potion of haste {unknown}
Books
 b - a book of Changes

   Spells                             Type                      Level
   a - Beastly Appendage              Transmutation                1
   b - Sticks to Snakes               Transmutation                2
   c - Spider Form                    Transmutation/Poison         3
   d - Ice Form                       Ice/Transmutation            4
   e - Blade Hands                    Transmutation                5
Comestibles
 c - 2 rations
 g - 2 chunks of flesh


   Skills:
 - Level 1.0 Fighting
 - Level 2.0 Dodging
 + Level 2.0 Stealth
 * Level 3.8 Unarmed Combat
 - Level 2.0 Spellcasting
 + Level 2.5 Transmutations


You had 2 spell levels left.
You knew the following spells:

 Your Spells              Type           Power        Failure   Level  Hunger
a - Beastly Appendage     Tmut           #.....       8%          1    #......
b - Spider Form           Tmut/Pois      #.........   36%         3    ###....


Dungeon Overview and Level Annotations

Branches:
Dungeon (2/15)

Altars:
Fedhas
Qazlal
Zin

Annotations:
D:2 Robin


Innate Abilities, Weirdness & Mutations

You cannot wear most types of armour.
You are very stealthy in the water. (Stealth+)
You are amphibious.
You can wear up to eight rings at the same time.
You can use your tentacles to constrict eight enemies at once.
Your skin changes colour to match your surroundings (Stealth+).
Your rubbery body absorbs attacks. (AC +1, EV +1)


Message History

Found a glowing silver altar of Zin.
The kobold shouts!
You hear an angry hiss.
Your magical contamination has completely faded away.
You tentacle-slap the kobold but do no damage.
Your grab misses the kobold. Your squeeze misses the kobold.
The kobold hits you.
* * * LOW HITPOINT WARNING * * *
You tentacle-slap the kobold.
You kill the kobold!
An adder comes into view.
The adder moves out of view.
You miss the adder. Your grab misses the adder. The adder misses you.
You closely miss the adder. You grab the adder.
You pierce the adder.
The adder is heavily wounded.
Your tentacle spike disappears.
You constrict the adder. The adder barely misses you.
You barely miss the adder.
The adder is severely wounded.
You constrict the adder. The adder bites you.
You die...

#g).####### ..#
#.w.......# ...
#g).......#
..###g........#
..._#.........# ##
..8##.!.......# .#
.....##.......# .#
#######S.#.#
#.......#
.##########.....@.##g
......>.#
......[......w..!.#.
........#
.######........)..#
######### ...
#....###.......# .##
#..[......#....# .#
#........##..#.# ####
......##..# ..#...
...........#?...#.##
## .....#.......##..g


You could see a worm and an adder.

Vanquished Creatures
  An adder (D:2)
  An ooze (D:1)
  2 dart slugs (D:1)
  A leopard gecko (D:1)
  A bat (D:1)
  2 giant cockroaches
  4 hobgoblins (D:1)
  A quokka (D:2)
  A frilled lizard (D:1)
  3 goblins
  4 kobolds
21 creatures vanquished.

Notes
Turn   | Place    | Note
-------+----------+-------------------------------------------
     0 | D:1      | KristoblXynda the Octopode Transmuter began the quest for the Orb.
     0 | D:1      | Reached XP level 1. HP: 13/13 MP: 3/3
   241 | D:1      | Reached skill level 1 in Stealth
   241 | D:1      | Reached XP level 2. HP: 18/18 MP: 5/5
   675 | D:1      | Reached XP level 3. HP: 23/23 MP: 6/6
   814 | D:2      | Noticed Robin
   821 | D:2      | Found a blossoming altar of Fedhas.
   821 | D:2      | Found a stormy altar of Qazlal.
   978 | D:2      | Learned a level 3 spell: Spider Form
  1059 | D:2      | Found a glowing silver altar of Zin.
  1067 | D:2      | Slain by an adder

Vault maps used:
D:1:      nicolae_arrival_washed_ashore, serial_bayou_pond_e
D:2:      grunt_temple_overflow_forces_of_nature, minitemple,
          grunt_ministairs_7, uniq_robin

Skill      XL: |  1  2  3 |
---------------+----------+-----
Stealth        | 1 2 |  2.0
Fighting       | |  1.0
Dodging        | |  2.0
Unarmed Combat | |  3.8
Spellcasting   | |  2.0
Transmutations | |  2.5

Action                   || total
-------------------------++-------
Melee: Unarmed           ||    55
       Constrict         ||    16
       Tentacles         ||     7
       Kick              ||     5
       Punch             ||     1
 Cast: Beastly Appendage ||     4
  Use: Scroll            ||     2
 Stab: Sleeping          ||     4
Armor: Skin              ||     4
Dodge: Dodged            ||    33

Table legend:
 A = Spawn XP
 B = Non-spawn XP
 C = Spawn XP percentage of total XP
 D = Spawn monster count
 E = Non-spawn monster count
 F = Spawn count percentage of total count
 G = Total turns spent on level
                    A         B        C        D         E        F      G
               +---------+---------+-------+---------+---------+-------+---------
         Total |       0 |      58 |   0.0 |       0 |      21 |   0.0 |  1067
               +---------+---------+-------+---------+---------+-------+---------
           D:1 |       0 |      35 |   0.0 |       0 |      15 |   0.0 |   804
           D:2 |       0 |      23 |   0.0 |       0 |       6 |   0.0 |   263
               +---------+---------+-------+---------+---------+-------+---------
